 Dungeon Crawl Stone Soup version 0.21-a0-584-g185da8e1cd (webtiles) character file.

2304 MirrMurr the Spear-Bearer (level 9, -8/97 HPs)
             Began as an Ogre Berserker on Dec 21, 2017.
             Was a Priest of Trog.
             Mangled by an orc warrior
             ... wielding a +0 antimagic great mace
              (29 damage)
             ... on level 6 of the Dungeon.
             The game lasted 00:18:12 (8380 turns).

MirrMurr the Spear-Bearer (Ogre Berserker)          Turns: 8380, Time: 00:18:13

Health: -8/97      AC:  7    Str: 23    XL:     9   Next: 40%
Magic:  0/9        EV: 12    Int:  8    God:    Trog [***...]
Gold:   209        SH:  5    Dex: 11    Spells: 8/8 levels left

rFire    + . .     SeeInvis .   a - +0 scythe (slice)
rCold    . . .     Gourm    .   (shield currently unavailable)
rNeg     . . .     Faith    .   l - +2 robe
rPois    .         Spirit   .   (helmet restricted)
rElec    .         Reflect  +   s - +1 cloak
rCorr    .         Harm     .   (gloves unavailable)
MR       .....                  (boots unavailable)
Stlth    +.........             w - +5 amulet of reflection
HPRegen  0.26/turn              m - ring of protection from fire
MPRegen  0.11/turn              (no ring)

@: berserk cooldown, slowed, very slow
A: large, unfitting armour, tough skin 1
a: Berserk, Trog's Hand, Burn Spellbooks, Renounce Religion


You were on level 6 of the Dungeon.
You worshipped Trog.
Trog was most pleased with you.
You were very hungry.

You visited 2 branches of the dungeon, and saw 7 of its levels.

You collected 261 gold pieces.
You spent 52 gold pieces at shops.

Inventory:

Hand Weapons
 a - a +0 scythe of slicing (weapon)
 b - a +1 hunting sling
 h - a +0 giant spiked club
 q - a +0 blowgun
 x - a +0 spear
Missiles
 d - 168 stones (quivered)
 f - 53 poisoned needles
 n - 35 sling bullets
 p - 3 curare-tipped needles
Armour
 l - a +2 robe (worn)
 s - a +1 cloak (worn)
Jewellery
 m - a ring of protection from fire (left hand)
 w - a +5 amulet of reflection (around neck)
Wands
 e - a wand of polymorph (26)
 u - a wand of disintegration (16)
 B - a wand of paralysis (9)
Scrolls
 i - 3 scrolls of enchant armour
 r - 3 scrolls of remove curse
 A - a scroll of blinking
 C - a scroll of magic mapping {unknown}
 D - 3 scrolls of identify
 E - a scroll of fear {unknown}
 G - a scroll of fog
Potions
 g - 2 potions of agility
 j - a potion of flight {unknown}
 k - a potion of degeneration {unknown}
 o - 2 potions of heal wounds
 t - a potion of mutation {unknown}
 v - 3 potions of curing
 F - a potion of might
 H - a potion of invisibility {unknown}
 I - a potion of cancellation {unknown}
 J - a potion of resistance {unknown}
Books
 y - a book of Geomancy

   Spells                             Type                      Level
   a - Sandblast                      Earth                        1
   b - Passwall                       Transmutation/Earth          2
   c - Stone Arrow                    Conjuration/Earth            3
   d - Petrify                        Transmutation/Earth          4
   e - Lee's Rapid Deconstruction     Earth                        5
   Trog disapproves of the use of such an item.
 z - a book of Air

   Spells                             Type                      Level
   a - Shock                          Conjuration/Air              1
   b - Swiftness                      Charms/Air                   2
   c - Static Discharge               Conjuration/Air              3
   d - Airstrike                      Air                          4
   e - Lightning Bolt                 Conjuration/Air              5
   Trog disapproves of the use of such an item.
 K - a book of Minor Magic

   Spells                             Type                      Level
   a - Magic Dart                     Conjuration                  1
   b - Blink                          Translocation                2
   c - Call Imp                       Summoning                    2
   d - Slow                           Hexes                        2
   e - Conjure Flame                  Conjuration/Fire             3
   f - Mephitic Cloud                 Conjuration/Poison/Air       3
   Trog disapproves of the use of such an item.
 L - a book of Minor Magic

   Spells                             Type                      Level
   a - Magic Dart                     Conjuration                  1
   b - Blink                          Translocation                2
   c - Call Imp                       Summoning                    2
   d - Slow                           Hexes                        2
   e - Conjure Flame                  Conjuration/Fire             3
   f - Mephitic Cloud                 Conjuration/Poison/Air       3
   Trog disapproves of the use of such an item.
Comestibles
 c - 10 rations
 M - a chunk of flesh


   Skills:
 + Level 8.9 Fighting
 * Level 9.1 Polearms
 - Level 1.1 Armour
 + Level 6.2 Dodging


You had 8 spell levels left.
You didn't know any spells.

Dungeon Overview and Level Annotations

Branches:
Dungeon (6/15)             Temple (1/1) D:5

Altars:
Ashenzari
Dithmenos
Fedhas
Kikubaaqudgha
Nemelex Xobeh
Qazlal
Ru
Trog
Vehumet
Xom
Yredelemnul

Shops:
D:4 }   D:5 *


Innate Abilities, Weirdness & Mutations

You are too large for most types of armour.
You have tough skin. (AC +1)


Message History

The orc warrior barely misses you.
The orc warrior hits you with an antimagic great mace!!
* * * LOW HITPOINT WARNING * * *
You barely miss the orc warrior. You block the orc warrior's attack.
You slice the orc warrior!!
You kill the orc warrior!
Trog accepts your kill. The orc warrior barely misses you.
You closely miss the orc warrior.
The orc warrior hits you with an antimagic great mace!
* * * LOW HITPOINT WARNING * * *
You barely miss the orc warrior.
You are no longer berserk.
You are exhausted.
You feel yourself slow down. The orc warrior closely misses you.
You closely miss the orc warrior. The orc warrior barely misses you.
The eye of draining gazes at you.
You feel your power leaking away.
The orc warrior hits you with an antimagic great mace!!
You die...

#..# #. ##.# #. #.#
##' #.# ##.. #.###
##... ####.#.##
##....
#.......####.....
###.##......)'.....
#)@o##....####.....
#G######..# ##....
#.# ##.# ##... #?#
### ##.. #........
##' #....o._. #.
#....(G.. ##.
###.8G..# #..
#...## #######..


You could see an eye of draining and an orc warrior.

Vanquished Creatures
  Sigmund (D:6)
  Eustachio (D:6)
  Edmund (D:6)
  Duvessa (D:6)
  2 orc warriors (D:6)
  2 ogres
  A centaur (D:6)
  A bullfrog (D:5)
  Blork the orc (D:6)
  Dowan (D:6)
  A water moccasin skeleton (D:5)
  4 wights (D:6)
  A howler monkey (D:4)
  2 crimson imps
  A centaur zombie (D:6)
  A centaur skeleton (D:6)
  2 orc priests (D:5)
  A gnoll shaman (D:5)
  Crazy Yiuf (D:4)
  A hound (D:5)
  3 orc wizards
  2 iguanas
  7 worker ants
  A hound zombie (D:6)
  A hound skeleton (D:6)
  A worker ant zombie (D:5)
  12 gnolls
  8 adders
  An adder skeleton (D:5)
  6 worms
  A dart slug (D:3)
  4 leopard geckos
  21 orcs
  A giant cockroach (D:2)
  A goblin (D:3)
  7 hobgoblins
  6 jackals
  4 kobolds
  4 quokkas
  4 ball pythons
  4 bats (D:2)
  7 frilled lizards
  A leopard gecko zombie (D:5)
  A quokka skeleton (D:4)
  7 rats
  A spectral orc (D:6)
143 creatures vanquished.

Notes
Turn   | Place    | Note
-------+----------+-------------------------------------------
     0 | D:1      | MirrMurr the Ogre Berserker began the quest for the Orb.
     0 | D:1      | Reached XP level 1. HP: 24/24 MP: 1/1
    85 | D:1      | Reached XP level 2. HP: 32/32 MP: 2/2
   528 | D:1      | Reached XP level 3. HP: 19/40 MP: 3/3
  1105 | D:2      | Reached skill level 1 in Armour
  1137 | D:2      | Reached XP level 4. HP: 25/49 MP: 4/4
  1289 | D:2      | Found a sacrificial altar of Ru.
  1465 | D:2      | Found a faded altar of an unknown god.
  1819 | D:2      | Found a sparkling altar of Nemelex Xobeh.
  1935 | D:2      | Found a stormy altar of Qazlal.
  1944 | D:2      | Reached skill level 4 in Polearms
  1990 | D:2      | Found a shattered altar of Ashenzari.
  2211 | D:3      | Found a radiant altar of Vehumet.
  2432 | D:3      | Reached XP level 5. HP: 33/55 MP: 5/5
  2441 | D:3      | Reached skill level 5 in Fighting
  2687 | D:3      | Reached ** piety under Trog
  3597 | D:4      | Found a shimmering altar of Xom.
  3608 | D:4      | Reached XP level 6. HP: 53/66 MP: 6/6
  3736 | D:4      | Reached skill level 5 in Polearms
  3860 | D:4      | Found a blossoming altar of Fedhas.
  3888 | D:4      | Found an ancient bone altar of Kikubaaqudgha.
  4373 | D:4      | Found a shimmering altar of Xom.
  4621 | D:4      | Found Wuokk's Gadget Boutique.
  4731 | D:4      | You fall through a shaft for 2 floors!
  4773 | D:6      | Reached XP level 7. HP: 60/75 MP: 7/7
  5210 | D:6      | Noticed Sigmund
  5219 | D:6      | Killed Sigmund
  5219 | D:6      | Reached skill level 6 in Polearms
  5295 | D:6      | Noticed Duvessa
  5298 | D:6      | Noticed Dowan
  5310 | D:6      | Killed Duvessa
  5318 | D:6      | Killed Dowan
  5615 | D:6      | Reached XP level 8. HP: 84/84 MP: 8/8
  5743 | D:5      | Entered Level 5 of the Dungeon
  5768 | D:5      | Found a staircase to the Ecumenical Temple.
  5779 | Temple   | Entered the Ecumenical Temple
  5818 | D:5      | Reached skill level 7 in Polearms
  5861 | D:4      | Found a runed door.
  6125 | D:4      | Noticed Crazy Yiuf
  6128 | D:4      | Killed Crazy Yiuf
  6226 | D:5      | Reached skill level 5 in Dodging
  6802 | D:5      | Found Eleoham's General Store.
  6810 | D:5      | Bought a potion of might for 52 gold pieces
  7022 | D:6      | Noticed Blork the orc
  7091 | D:6      | Killed Blork the orc
  7091 | D:6      | Reached skill level 8 in Polearms
  7471 | D:6      | Noticed Edmund
  7482 | D:6      | Killed Edmund
  7482 | D:6      | Reached XP level 9. HP: 92/96 MP: 9/9
  7696 | D:6      | Found a shadowy altar of Dithmenos.
  7702 | D:6      | Reached *** piety under Trog
  7835 | D:6      | Found a basalt altar of Yredelemnul.
  7881 | D:6      | Noticed Eustachio
  7901 | D:6      | Killed Eustachio
  7910 | D:6      | Reached skill level 9 in Polearms
  8358 | D:6      | Found a bloodstained altar of Trog.
  8380 | D:6      | Mangled by an orc warrior

Vault maps used:
D:1:      minmay_arrival_radiant_lines, minmay_misc_feat_chi, minivault_11
D:2:      lemuel_doored_altar, nicolae_ru_awakened_eye,
          lemuel_coloured_pillars_altar, chequers_ecumenical_altar_simple_redux,
          first_ration, nemelex_lonely_heart_becter
D:3:      vehumet_crystals
D:4:      lemuel_round_altar, kennysheep_mini_moat, kennysheep_mini,
          serial_shops, nicolae_shop_stone, brannock_xom_greatest_gift,
          uniq_crazy_yiuf_cottage
D:5:      minmay_temple_entry_statues_pillars, serial_shops, shop
D:6:      yredelemnul_forgotten_temple_becter, nicolae_dithmenos_the_darkroom,
          trog_eyes_of_draining, uniq_eustachio, uniq_blork_the_orc,
          uniq_sigmund, uniq_duvessa, uniq_edmund
Temple:   nicolae_temple_figure_zero

Skill      XL: |  1  2  3  4  5  6  7  8  9 |
---------------+----------------------------+-----
Dodging        | 3 4 5 6 |  6.2
Armour         | 1 |  1.1
Polearms       | 4 5 6 8 9 |  9.1
Fighting       | 5 6 8 |  8.9

Action                   |  1- 3 |  4- 6 |  7- 9 || total
-------------------------+-------+-------+-------++-------
Melee: Spear             |   108 |   255 |    34 ||   397
       Scythe            |       |       |   201 ||   201
 Fire: Hunting sling     |    19 |   113 |     5 ||   137
Invok: Berserk           |       |     1 |     3 ||     4
       Trog's Hand       |       |     3 |     4 ||     7
  Use: Scroll            |     4 |     9 |     3 ||    16
 Stab: Sleeping          |       |       |     1 ||     1
       Distracted        |       |       |     1 ||     1
  Eat: Chunk             |     1 |    13 |    12 ||    26
       Ration            |       |       |     1 ||     1
Armor: Animal skin       |    32 |     5 |       ||    37
       Robe              |       |    52 |    51 ||   103
Dodge: Dodged            |    67 |   115 |   117 ||   299
Block: Other             |       |       |    37 ||    37

Table legend:
 A = Spawn XP
 B = Non-spawn XP
 C = Spawn XP percentage of total XP
 D = Spawn monster count
 E = Non-spawn monster count
 F = Spawn count percentage of total count
 G = Total turns spent on level
                    A         B        C        D         E        F      G
               +---------+---------+-------+---------+---------+-------+---------
         Total |       0 |    3292 |   0.0 |       0 |     143 |   0.0 |  8380
               +---------+---------+-------+---------+---------+-------+---------
           D:1 |       0 |      49 |   0.0 |       0 |      14 |   0.0 |   999
           D:2 |       0 |      72 |   0.0 |       0 |      22 |   0.0 |  1197
           D:3 |       0 |     145 |   0.0 |       0 |      23 |   0.0 |  1245
           D:4 |       0 |     336 |   0.0 |       0 |      21 |   0.0 |  1630
           D:5 |       0 |     683 |   0.0 |       0 |      26 |   0.0 |  1241
           D:6 |       0 |    2007 |   0.0 |       0 |      37 |   0.0 |  2066
               +---------+---------+-------+---------+---------+-------+---------
